 Dungeon Crawl Stone Soup version 0.13-a0-2772-g9cbdda8 (webtiles) character file.

135 4tharraofdagon the Ruffian (level 3, -3/35 HPs)
             Began as a Troll Monk on Aug 23, 2013.
             Slain by an ogre
             ... wielding a +0,+0 giant club
              (18 damage)
             ... on Level 5 of the Dungeon.
             The game lasted 00:02:31 (710 turns).

4tharraofdagon the Ruffian (Troll Monk)              Turns: 710, Time: 00:02:31

HP  -3/35        AC  5     Str 20      XL: 3   Next: 55%
MP   1/1         EV 10     Int  6      God:
Gold 85          SH  0     Dex 12      Spells:  0 memorised,  2 levels left

Res.Fire  : . . .   See Invis. : .     - Unarmed
Res.Cold  : . . .   Warding    : .   a - +0 robe
Life Prot.: . . .   Conserve   : .   (shield restricted)
Res.Poison: .       Res.Corr.  : .   (helmet restricted)
Res.Elec. : .       Clarity    : .   (no cloak)
Sust.Abil.: . .     Spirit.Shd : .   (gloves unavailable)
Res.Mut.  : .       Stasis     : .   (boots unavailable)
Res.Rott. : .       Flight     : .   (no amulet)
Gourmand  : +                        k - ring of protection from magic {unknown}
                                     h - ring of sustenance

@: mildly poisoned, somewhat resistant to hostile enchantments, unstealthy
A: unfitting armour, claws 3, fast metabolism 3, gourmand, regeneration 2,
saprovore 2, tough skin 2, AC +1
a: no special abilities


You were on level 5 of the Dungeon.
You were full.

You visited 1 branch of the dungeon, and saw 5 of its levels.

You collected 85 gold pieces.

Inventory:

Missiles
 d - 4 javelins (quivered)
 e - a throwing net
 m - 4 large rocks
Armour
 a - a +0 robe (worn)
Comestibles
 b - 2 meat rations
 l - 2 bread rations
Scrolls
 c - a scroll of remove curse {unknown}
 f - a scroll of enchant weapon I {unknown}
 g - 4 scrolls of noise {unknown}
Jewellery
 h - a ring of sustenance (left claw)
 k - a ring of protection from magic (right claw) {unknown}
Potions
 i - a potion of paralysis {unknown}
 j - a potion of invisibility {unknown}
 n - a potion of curing {unknown}
Books
 o - a book of Enchantments

   Spells                             Type                      Level
   Cause Fear                         Hexes                        4
   Silence                            Hexes/Air                    5
   Tukima's Dance                     Hexes                        5
   Deflect Missiles                   Charms/Air                   6
   Haste                              Charms                       6
   Discord                            Hexes                        8


   Skills:
 - Level 2.4 Fighting
 - Level 2.4 Dodging
 - Level 1.1 Stealth
 + Level 5.3 Unarmed Combat


You had 2 spell levels left.
You didn't know any spells.

Dungeon Overview and Level Annotations

Branches:
Dungeon (5/27)
 Temple: D:4-7

Altars:


Innate Abilities, Weirdness & Mutations

You are too large for most types of armour.
You have claws for hands.
Your metabolism is lightning-fast.
You like to eat raw meat.
You heal very quickly.
You can eat rotten meat.
You are covered in fur (AC +1).
You have very tough skin (AC +2).


Message History

A quokka, an ogre and a zombie come into view.
You barely miss the giant mite.
The ogre shouts!
You barely miss the giant mite. The giant mite bites you.
You hit the giant mite.
The giant mite is lightly wounded.
The quokka bites you.
The giant mite bites you but does no damage.
You hit the giant mite.
The giant mite is heavily wounded.
The quokka barely misses you. The ogre hits you with a giant club!
The giant mite bites you.
You are poisoned.
The giant mite poisons you!
You hit the giant mite.
The giant mite is severely wounded.
The quokka barely misses you. The giant mite closely misses you.
The ogre hits you with a giant club!
Ouch! That really hurt!
You die...

#.....#..# #....
#.....#..# #.....
#.....#..# #.>....
#.....#..# #.......
#.....#..# #........
##<......# #........
##...#.######........
#######.#..............#
............####@.....##
#######.###.#.zrsO....#
.........[#.#.........#
#######.#.#.#.........#
...#.#.#####.....#
###.#.#.# .....# ....#.#
..... #.###.# .... ..# .


You could see an ogre, a giant mite, a worm zombie and a quokka.

Vanquished Creatures
  An adder (D:4)
  A giant gecko (D:1)
  An ooze (D:3)
  A giant cockroach (D:1)
  2 goblins (D:1)
  2 hobgoblins (D:1)
  7 jackals (D:1)
  13 kobolds
  5 bats (D:1)
  6 rats (D:1)
39 creatures vanquished.

Notes
Turn   | Place    | Note
--------------------------------------------------------------
     0 | D:1      | 4tharraofdagon, the Troll Monk, began the quest for the Orb.
     0 | D:1      | Reached XP level 1. HP: 20/20 MP: 0/0
    49 | D:1      | Reached XP level 2. HP: 23/28 MP: 0/0
   323 | D:1      | Reached skill level 5 in Unarmed Combat
   323 | D:1      | Reached XP level 3. HP: 28/35 MP: 1/1
   521 | D:2      | 500turns in d:1
   670 | D:5      | Entered Level 5 of the Dungeon
   705 | D:5      | Noticed an ogre
   710 | D:5      | Slain by an ogre

Action                   || total
-------------------------++-------
Melee: Unarmed           ||    89
 Stab: Distracted        ||     1
